 Dungeon Crawl Stone Soup version 0.28-a0-653-g7e9dba17c3 (webtiles) character file.

Game seed: 12069999339336662175

550 dragor the Ruffian (level 7, -3/60 (62) HPs)
             Began as a Troll Hunter on Oct 12, 2021.
             Slain by a two-headed ogre (17 damage)
             ... on level 5 of the Dungeon.
             The game lasted 00:12:58 (4011 turns).

dragor the Ruffian (Troll Hunter)                   Turns: 4011, Time: 00:12:58

HP:   -3/60 (62)    AC:  4    Str: 21    XL:     7   Next: 7%
MP:   6/6           EV:  7    Int:  7    God:
Gold: 215           SH:  7    Dex: 12    Spells: 6/6 levels left

rFire   . . .      SeeInvis .     - Unarmed
rCold   . . .      Faith    .   q - +1 kite shield
rNeg    . . .      Spirit   .   b - +0 robe
rPois   .          Reflect  .   (helmet restricted)
rElec   .          Harm     .   (no cloak)
rCorr   .          Rampage  .   (gloves unavailable)
Will    .....                   (boots unavailable)
Stlth   +.........              (no amulet)
HPRegen 1.20/turn               (no ring)
MPRegen 0.10/turn               (no ring)

@: weak-willed, on berserk cooldown, slowed, lightly drained, very slow
A: large, unfitting armour, claws 3, regeneration 1, shaggy fur 1, tough skin 1
a: no special abilities


You were on level 5 of the Dungeon.
You visited 1 branch of the dungeon, and saw 5 of its levels.

You collected 215 gold pieces.

Inventory:

Hand Weapons
 x - a +1 vorpal hand axe
Missiles
 c - 5 large rocks (quivered)
 d - 2 throwing nets
 j - 36 poisoned darts
Armour
 b - a +0 robe (worn)
 q - a +1 kite shield (worn)
Jewellery
 a - a ring of flight
 f - a ring of see invisible
 g - a ring of wizardry
 h - a +6 ring of dexterity
 p - a +6 ring of strength
 u - a +4 ring of evasion
 D - an amulet of regeneration
Wands
 y - a wand of mindburst (15)
Scrolls
 l - a scroll of enchant armour
Potions
 i - a potion of might
 o - a potion of ambrosia
 r - a potion of lignification
 s - a potion of invisibility
 w - a potion of cancellation {unknown}
 z - a potion of mutation {unknown}
 A - a potion of flight {unknown}
 B - a potion of brilliance {unknown}
 C - 2 potions of heal wounds {unknown}


   Skills:
 - Level 1.5 Fighting
 - Level 3.6 Throwing
 - Level 1.5 Dodging
 - Level 0.3 Stealth
 + Level 0.0 Shields
 * Level 7.4 Unarmed Combat


You had 6 spell levels left.
You didn't know any spells.
Your spell library was empty.

Dungeon Overview and Level Annotations

Branches:
Dungeon (5/15)             Temple (0/1) D:5

Altars:
Nemelex Xobeh
Ru
Vehumet
Xom
Zin


Innate Abilities, Weirdness & Mutations

You are too large for most types of armour.
You have claws for hands.
Your natural rate of healing is unusually fast.
You are covered in fur. (AC +1)
You have tough skin. (AC +1)


Message History

s - a potion of invisibility
As you read the scroll labelled EMARIL RAZA, it crumbles to dust.
You feel strangely unstable.
It was a scroll of teleportation.
As you read the scroll labelled RASOWIDADISS, it crumbles to dust.
You feel aware of your surroundings.
It was a scroll of magic mapping.
As you read the scroll labelled HUJIZYASEKH, it crumbles to dust.
The scroll dissolves into smoke.
It was a scroll of fog.
It was a potion of berserk rage.
A red film seems to cover your vision as you go berserk!
You feel yourself moving faster!
You feel mighty!
You are too berserk!
You start waiting.
You feel a strong urge to attack something.
You start waiting.
Your surroundings suddenly seem different. 5 gnolls and a two-headed ogre come into view.
Found 9 gold pieces.
The gnoll shouts! x4; The two-headed ogre shouts in stereo!
There are monsters nearby!
There are monsters nearby!
A gnoll shaman comes into view. It is wielding a +0 whip.
You feel your anger nearly subside.
You are no longer berserk.
You are exhausted.
You feel yourself slow down.
You scratch the two-headed ogre.
The two-headed ogre is lightly wounded.
The two-headed ogre hits you with a +0 giant spiked club!
The two-headed ogre closely misses you. You block the two-headed ogre's attack.
The two-headed ogre hits you with a +0 giant spiked club!
You scratch the two-headed ogre.
The two-headed ogre is lightly wounded.
The gnoll hits you but does no damage. You block the two-headed ogre's attack.
The two-headed ogre hits you with a +0 giant spiked club!
You block the gnoll's attack.
Okay, then.
The gnoll hits you with a +0 whip. The gnoll hits you with a +0 whip!
* * * LOW HITPOINT WARNING * * *
The two-headed ogre closely misses you.
The two-headed ogre hits you with a +0 giant spiked club!
You die...

,,,,,,,,,,,,,,,,,,,,*,,,,,**
,**,,,**,.......,,***,,,,,,*
,,,,,***#........,*
***,*,,** *,*,,**
#........** *,,,,,* *,*,,,*
#........* ***,,**
*****,**#.......### **** *
*,,*,#.........* **
*,,,,.......g.## ,*
*,,,,..$..ggO@.# ,*
**,**.......gg.#* **
***,.......g...#
**..#.#....### ***#*###.##
###


You could see a two-headed ogre, a gnoll shaman and 5 gnolls.

Vanquished Creatures
  A bullfrog (D:4)
  A howler monkey (D:4)
  An orc priest (D:4)
  A hound (D:4)
  2 bullfrog skeletons (D:4)
  An iguana (D:3)
  An orc wizard (D:4)
  A statue (D:3)
  5 gnolls (D:4)
  A howler monkey skeleton (D:4)
  7 adders
  A worm (D:2)
  An adder skeleton (D:4)
  2 dart slugs
  21 orcs
  4 ball pythons
  8 bats
  3 endoplasms
  A giant cockroach (D:1)
  12 goblins
  12 hobgoblins
  8 jackals (D:1)
  12 kobolds
  3 frilled lizards
  3 rats
113 creatures vanquished.

Vanquished Creatures (others)
  A ball python (D:2)
  4 plants (D:4)
5 creatures vanquished.

Grand Total: 118 creatures vanquished

Notes
Turn   | Place    | Note
-------+----------+-------------------------------------------
     0 | D:1      | dragor the Troll Hunter began the quest for the Orb.
     0 | D:1      | Reached XP level 1. HP: 19/19 MP: 0/0
   136 | D:1      | Reached skill level 1 in Unarmed Combat
   173 | D:1      | Reached XP level 2. HP: 27/27 MP: 1/1
   266 | D:1      | Reached skill level 2 in Unarmed Combat
   877 | D:2      | Reached XP level 3. HP: 33/33 MP: 2/2
   930 | D:2      | Reached skill level 3 in Unarmed Combat
  1273 | D:2      | Reached XP level 4. HP: 41/41 MP: 3/3
  1664 | D:3      | Found a glowing silver altar of Zin.
  1668 | D:3      | Noticed an angel
  1672 | D:3      | Found a shimmering altar of Xom.
  1756 | D:3      | Reached skill level 4 in Unarmed Combat
  1779 | D:3      | Found a radiant altar of Vehumet.
  1779 | D:3      | Noticed a frost-covered statue
  1796 | D:3      | Killed a frost-covered statue
  2359 | D:3      | Found a sparkling altar of Nemelex Xobeh.
  2361 | D:3      | Found a sacrificial altar of Ru.
  2671 | D:3      | Reached XP level 5. HP: 30/48 MP: 4/4
  2722 | D:4      | Reached skill level 5 in Unarmed Combat
  3147 | D:4      | Reached XP level 6. HP: 53/55 MP: 5/5
  3213 | D:4      | Reached skill level 6 in Unarmed Combat
  3498 | D:4      | Reached skill level 7 in Unarmed Combat
  3677 | D:4      | Reached XP level 7. HP: 49/60 MP: 6/6
  3970 | D:5      | Entered Level 5 of the Dungeon
  4007 | D:5      | Noticed a two-headed ogre
  4011 | D:5      | Slain by a two-headed ogre

Illustrated notes

Levels and vault maps discovered:
D:1:      dpeg_arrival_simpleton_c, layout_loops_corners, minmay_crystal_room
D:2:      layout_basic, lemuel_old_faithful
D:3:      layout_loops_cross, grunt_temple_overflow_order_and_chaos_1,
          vehumet_statue, nicolae_overflow_hidden_temple
D:4:      corexii_shantytown, layout_basic, grunt_ministairs_4
D:5:      minmay_polygon_palace, layout_cave_pools, minmay_temple_entry_trees,
          minmay_fractal_squares_gapless_5

Skill      XL: |  1  2  3  4  5  6 |
---------------+-------------------+-----
Unarmed Combat | 1 2 3 4 5 7 |  7.4
Fighting       | |  1.5
Throwing       | |  3.6
Dodging        | |  1.5
Stealth        | |  0.3

Action                   |  1- 3 |  4- 6 |  7- 9 || total
-------------------------+-------+-------+-------++-------
Melee: Unarmed           |   117 |   221 |     7 ||   345
       Punch             |     1 |       |       ||     1
Throw: Large rock        |       |     5 |       ||     5
       Throwing net      |       |     1 |       ||     1
  Use: Scroll            |       |       |    10 ||    10
       Potion            |       |       |     1 ||     1
 Stab: Sleeping          |     2 |     1 |       ||     3
Armor: Robe              |    53 |    58 |     1 ||   112
Dodge: Dodged            |    63 |    80 |     5 ||   148
Block: Kite shield       |       |    70 |     4 ||    74

Table legend: (Time is in decaauts)
 A = Elapsed time spent in this place.
 B = Non-inter-level travel time spent in this place.
 C = Inter-level travel time spent in this place.
 D = Time resting spent in this place.
 E = Time spent auto-exploring this place.
 F = Levels seen in this place.
 G = Mean time per level.
                   A        B        C        D        E       F      G
               +--------+--------+--------+--------+--------+-----+--------+
         Total |   4062 |   3847 |    215 |    868 |   2110 |   5 |  812.4 |
       Dungeon |   4062 |   3847 |    215 |    868 |   2110 |   5 |  812.4 |
               +--------+--------+--------+--------+--------+-----+--------+

Top non-repeatable levels by time:
     D:4: 1327 daAuts
     D:3: 1038 daAuts
     D:1: 851 daAuts
     D:2: 803 daAuts
     D:5: 41 daAuts
